Unix NetHack Version 3.7.0-53 Work-in-progress - last build Apr 18 2022 03:42:42 (02b85442fffe0e2954e411e09df771b56fe27bbc,branch:master). Game began 2022-04-30 14:33:06, ended 2022-05-27 09:27:40. bezaban, neutral male human Tourist ... .<. .... ..... .GG ...... .@.- ......G..| ....%...-- .--.|.--- ----- Bezaban the Rambler St:13 Dx:13 Co:16 In:12 Wi:9 Ch:14 Neutral Dlvl:5 $:120 HP:0(14) Pw:2(2) AC:2 Xp:1/0 T:2019 Burdened Latest messages: What do you want to drink? [hzAJN or ?*] You feel much better. What do you want to write with? [- aqwGR or ?*] You write in the dust with your fingertip. The gnome turns to flee. The gnome turns to flee. The dwarf turns to flee. It misses the dwarf. It bites the dwarf. The dwarf is killed! The gnome turns to flee. It bites the gnome. It misses the gnome. It bites the gnome. The gnome is killed! You hear some noises. The dwarf turns to flee. The dwarf picks up some gold. The dwarf picks up 2 violet gems. The gnome turns to flee. Are you waiting to get hit? Use 'm' prefix to force a no-op (to rest). Something is written here in the dust. You read: "Elb?r th". You see no objects here. What do you want to write with? [- aqwGR or ?*] Do you want to add to the current engraving? [ynq] (y) You add to the writing in the dust with your fingertip. The dwarf swings his pick-axe. The dwarf hits! # Are you sure you want to pray? [yn] (n) You begin praying to The Lady. You are surrounded by a shimmering light. The dwarf starts to attack you, but pulls back. The dwarf starts to attack you, but pulls back. You finish your prayer. You feel that The Lady is satisfied. Something is written here in the dust. You read: "l?e eth". The gnome lord swings his thonged club. The gnome lord misses! The rock hits the gnome. The gnome lord swings his thonged club. The gnome lord hits! You die... Do you want your possessions identified? [ynq] (y) Do you want to see your attributes? [ynq] (y) Do you want an account of creatures vanquished? [ynaq] (y) Do you want to see your conduct and achievements? [ynq] (y) Do you want to see the dungeon overview? [ynq] (y) Major events: Turn 1: bezaban the neutral male human Tourist entered the dungeon 1624: entered the Gnomish Mines 2019: killed by a gnome lord Inventory: Coins $ - 120 gold pieces Weapons a - 32 +2 darts (at the ready) R - a +0 dagger G - a +0 orcish dagger (weapon in hand) Armor H - an uncursed +0 orcish helm (being worn) K - an uncursed +0 pair of leather gloves (being worn) C - an uncursed +0 pair of elven boots (being worn) k - an uncursed +0 Hawaiian shirt with a hibiscus flower motif (being worn) t - an uncursed +0 chain mail (being worn) Comestibles E - an uncursed carrot b - 5 uncursed food rations O - an uncursed food ration f - 2 uncursed lembas wafers d - 3 uncursed tripe rations P - an uncursed tin of spinach Scrolls L - an uncursed scroll of destroy armor v - a blessed scroll of enchant weapon I - an uncursed scroll of gold detection u - 2 uncursed scrolls of identify Q - an uncursed scroll of identify i - a blessed scroll of magic mapping j - 3 uncursed scrolls of magic mapping Potions J - an uncursed potion of blindness N - an uncursed potion of booze A - an uncursed potion of see invisible z - an uncursed potion of water Rings q - an uncursed +1 ring of gain strength Tools x - an uncursed figurine of a grid bug o - an uncursed skeleton key n - an uncursed tin opener Gems/Stones w - an uncursed worthless piece of violet glass Bezaban the Tourist's attributes: Background: You were a Rambler, a level 1 male human Tourist. You were neutral, on a mission for The Lady who was opposed by Blind Io (lawful) and Offler (chaotic). You were in the Gnomish Mines, on level 5. You entered the dungeon 2019 turns ago. You had 0 experience points, 20 were needed to attain level 2. Basics: You had 0 out of 14 hit points. You had both energy points (spell power). Your armor class was 2. Your wallet contained 120 zorkmids. Autopickup was on for '$!?/"=%' plus thrown, with exceptions. Final Characteristics: Your strength was 13 (limit:18/100). Your dexterity was 13 (limit:18). Your constitution was 16 (limit:18). Your intelligence was 12 (limit:18). Your wisdom was 9 (limit:18). Your charisma was 14 (limit:18). Final Status: You were not hungry. You were burdened; movement was slightly slowed. You were wielding a dagger. You were unskilled in dagger. Final Attributes: You were haltingly aligned. You were stealthy. You were warded. You are dead. Miscellaneous: You never encountered a bones level. Total elapsed playing time was 56 minutes and 16 seconds. Vanquished creatures: a dwarf an acid blob a coyote a brown mold a green mold 4 gnomes a gnome zombie 4 jackals 2 foxes a kobold a goblin 6 sewer rats 13 grid bugs 4 lichens 2 kobold zombies 10 newts 53 creatures vanquished. No species were genocided or became extinct. Voluntary challenges: You were a pacifist. You read items or engraved 3 times. You engraved Elbereth 2 times. You never genocided any monsters. You never polymorphed an object. You never changed form. You used no wishes. Achievements: You entered a shop. You entered the Gnomish Mines. The Dungeons of Doom: levels 1 to 5 Level 1: A grave. Level 2: A general store, an altar, a fountain. Level 3: An altar to The Lady, a fountain, a grave. Level 4: Many fountains. Stairs down to The Gnomish Mines. Level 5: The Gnomish Mines: Level 5: <- You were here. Final resting place for you, killed by a gnome lord. Game over: ---------- / \ / REST \ / IN \ / PEACE \ / \ | bezaban | | 120 Au | | killed by a | | gnome lord | | | | | | 2022 | *| * * * | * _________)/\\_//(\/(/\)/\//\/|_)_______ Aloha bezaban the Tourist... You died in The Gnomish Mines on dungeon level 5 with 200 points, and 120 pieces of gold, after 2019 moves. You were level 1 with a maximum of 14 hit points when you died.